 Dungeon Crawl Stone Soup version 0.32-a0-614-gd166fa89d2 (webtiles) character file.

Game seed: 2302431670253935791

9671 twTrunk the Basher (level 11, -7/83 HPs)
             Began as a Coglin Artificer on Mar 4, 2024.
             Was an Elder of Wu Jian.
             Mangled by a komodo dragon (22 damage)
             ... on level 9 of the Dungeon on Mar 5, 2024.
             The game lasted 00:43:11 (10346 turns).

twTrunk the Basher (Coglin Artificer)              Turns: 10346, Time: 00:43:11

Health: -7/83      AC: 15    Str: 17    XL:     11   Next: 50%
Magic:  11/11      EV: 11    Int: 11    God:    Wu Jian [****..]
Gold:   632        SH:  0    Dex: 14    Spells: 10/10 levels left

rFire   . . .        N - +3 morningstar {Ari}
rCold   . . .        A - +0 war axe {Etsuko}
rNeg    . . .        b - +0 scale mail
rPois   +            s - +0 helmet
rElec   .            F - +2 cloak {rPois}
rCorr   .            G - +2 pair of gloves
SInv    .            E - +0 pair of boots
Will    .....        (amulet unavailable) Stlth
                     (ring unavailable)
HPRegen 0.33/turn    (ring unavailable)
MPRegen 0.12/turn    (no gizmo)

%: no passive effects
@: revving
A: off-hand wielding, slow wielding, warmup strikes, no jewellery
a: Invent Gizmo, Renounce Religion, Wall Jump, Serpent's Lash


You were on level 9 of the Dungeon.
You worshipped Wu Jian.
Wu Jian was greatly pleased with you.
You visited 1 branch of the dungeon, and saw 10 of its levels.
You also visited: Bailey.

You collected 632 gold pieces.

Inventory:

Hand Weapons
 a - a +0 club {Tlaloc}
 f - a +0 dagger {Inhapi}
 o - a +0 short sword {Chiraphon}
 q - a +3 mace of draining {Seoyun}
 v - the +5 arbalest "Aral" {speed, Will+ Int+3}
   (You found it on level 2 of the Dungeon)

   Int+3:     It affects your intelligence (+3).
   Will+:     It increases your willpower.
 w - the +7 short sword "Ficunem" {antimagic, rPois Int+5 Dex-4 Stlth+}
   (You found it on level 2 of the Dungeon)

   Int+5:     It affects your intelligence (+5).
   Dex-4:     It affects your dexterity (-4).
   rPois:     It protects you from poison.
   Stlth+:    It makes you more stealthy.
 z - a +3 trident {Ran}
 A - a +0 war axe (offhand) {Etsuko}
 N - a +3 morningstar (weapon) {Ari}
Missiles
 t - 3 throwing nets
Armour
 b - a +0 scale mail (worn)
 s - a +0 helmet (worn)
 E - a +0 pair of boots (worn)
 F - a +2 cloak of poison resistance (worn)
 G - a +2 pair of gloves (worn)
Wands
 c - a wand of flame (47) (quivered)
 d - a wand of charming (14)
 e - a wand of iceblast (32)
 H - a wand of polymorph (11)
Scrolls
 j - a scroll of identify
 l - a scroll of vulnerability {unknown}
 m - 3 scrolls of noise {unknown}
 n - 2 scrolls of teleportation
 r - a scroll of amnesia {unknown}
 x - a scroll of enchant weapon
 y - a scroll of torment {unknown}
 C - a scroll of summoning {unknown}
 I - a scroll of fear {unknown}
 K - a scroll of fog {unknown}
 O - a scroll of acquirement
Potions
 g - 2 potions of mutation {unknown}
 i - 3 potions of invisibility {unknown}
 k - 7 potions of curing
 p - a potion of ambrosia {unknown}
 u - a potion of haste {unknown}
 B - 3 potions of resistance
 D - a potion of brilliance {unknown}
 J - a potion of attraction {unknown}
 L - a potion of degeneration {unknown}
 M - a potion of heal wounds
Miscellaneous
 P - a condenser vane


   Skills:
 + Level 6.6 Fighting
 - Level 2.0 Short Blades
 - Level 9.9(12.2) Axes
 - Level 10.5(12.0) Maces & Flails
 - Level 4.0 Armour
 - Level 4.0 Dodging
 - Level 0.7 Stealth
 - Level 4.0 Evocations


You had 10 spell levels left.
You didn't know any spells.
Your spell library contained the following spells:

 Spells                   Type           Power      Damage    Failure   Level
 Apportation              Tloc           0%         N/A       75%         1
 Sting                    Conj/Alch      0%         1d3       75%         1
 Jinxbite                 Hex            0%         N/A       86%         2
 Mercury Vapours          Alch/Air       0%         N/A       86%         2
 Call Canine Familiar     Summ           0%         N/A       98%         3
 Dazzling Flash           Conj/Hex       0%         N/A       98%         3
 Fugue of the Fallen      Necr           0%         N/A       98%         3
 Ozocubu's Armour         Ice            0%         N/A       98%         3
 Sigil of Binding         Hex            0%         N/A       98%         3
 Volatile Blastmotes      Fire/Tloc      0%         2d10      98%         3
 Anguish                  Hex/Necr       0%         N/A       100%        4
 Brom's Barrelling Bould  Conj/Erth      0%         2d3       100%        4
 Cause Fear               Hex            0%         N/A       100%        4
 Dimensional Bullseye     Hex/Tloc       0%         N/A       100%        4
 Fulminant Prism          Conj/Alch      0%         3d5       100%        4
 Iskenderun's Mystic Bla  Conj/Tloc      0%         2d3       100%        4
 Manifold Assault         Tloc           0%         N/A       100%        4
 Olgreb's Toxic Radiance  Alch           0%         N/A       100%        4
 Alistair's Intoxication  Alch           0%         N/A       100%        5
 Fireball                 Conj/Fire      0%         3d3       100%        5
 Iskenderun's Battlesphe  Conj           0%         2d6       100%        5
 Conjure Ball Lightning   Conj/Air       0%         3x3d6     100%        6
 Dispersal                Tloc           0%         N/A       100%        6
 Starburst                Conj/Fire      0%         6d3       100%        6
 Enfeeble                 Hex            0%         N/A       100%        7
 Haunt                    Necr/Summ      0%         N/A       100%        7
 Orb of Destruction       Conj           0%         9d5       100%        7
 Ozocubu's Refrigeration  Ice            0%         4d7       100%        7
 Borgnjor's Revivificati  Necr           0%         N/A       100%        8
 Discord                  Hex            0%         N/A       100%        8
 Disjunction              Tloc           0%         N/A       100%        8
 Maxwell's Capacitive Co  Air            0%         ∞         100%        8
 Death's Door             Necr           0%         N/A       100%        9


Dungeon Overview and Level Annotations

Branches:
Dungeon (10/15)            Temple (0/1) D:4            Lair (0/5) D:9
    Orc (0/2) D:10         Bailey (visited)

Altars:
Cheibriados
Dithmenos
Hepliaklqana
Makhleb
Okawaru
Uskayaw
Wu Jian
Yredelemnul
The Shining One

Shops:
D:3 :   D:5 :


Innate Abilities, Weirdness & Mutations

You can wield a second weapon in your off-hand.
It takes a long time for you to wield or remove held weapons.
Your first few attacks do less damage.
You cannot equip rings or amulets.


Message History

The komodo dragon barely misses you.
The death knight attacks as it pursues you!
The death knight closely misses you.
You closely miss the komodo dragon with your +0 war axe.
You hit the komodo dragon with your +3 morningstar.
The komodo dragon bites you!!
The death knight hits you but does no damage.
Press: ? - help, v - describe, . - travel
Here: a death knight, wielding a +2 halberd and wearing a +0 chain mail The floor.
Unknown command.
Press: ? - help, v - describe, . - travel
Here: a death knight, wielding a +2 halberd and wearing a +0 chain mail The floor.
Your muscles tense, ready for explosive movement...
Your supernatural speed expires.
The death knight offers itself to Yredelemnul, and fills with unholy energy.
You feel less exhausted.
Things that are here:
a yak skeleton; a yak skeleton; a yak skeleton
There is a stone staircase leading up here.
The komodo dragon bites you!
The death knight offers itself to Yredelemnul, and fills with unholy energy.
You climb upwards.
There is a stone staircase leading down here.
You hit the komodo dragon but do no damage. x2
The komodo dragon bites you!!
You are too injured to fight recklessly!
You are too injured to fight recklessly!
You are too injured to fight recklessly!
You hit the komodo dragon with your +3 morningstar.
The komodo dragon is lightly wounded.
You slash the komodo dragon with your +0 war axe!
The komodo dragon bites you!!
* * * LOW HITPOINT WARNING * * *
You hit the komodo dragon but do no damage.
The komodo dragon is moderately wounded.
You puncture the komodo dragon with your +3 morningstar!
The komodo dragon bites you!!
You die...

# #...##.# #.........# #
##.###.# ########..#
######)###.# #..#
#...[......#### #..#
#.####.>......#### #..#
#.# #.##........# ###..#
#.####.##........# #....#
#>.....##.......l####.##.#
#..###..........@........#
#..# ####........####.####
#..# #(.......# #.# ...#
#........# #.#
#.#######.###.#### #.#
#.........# #.# #.#
#########.# #.# #.# #.#
#.# #.# #########.# #.#
#.#


You could see a komodo dragon.

Vanquished Creatures
  Erolcha (D:9)
  Maurice (D:7)
  A gargoyle (D:7)
  A shadow (D:6)
  A wyvern (D:9)
  14 yaks
  A basilisk (D:9)
  4 water moccasins
  15 orc warriors
  2 ice beasts
  A sky beast (D:8)
  2 black bears
  An ogre (D:6)
  15 centaurs
  2 phantoms
  A kobold brigand (D:6)
  Blork the orc (D:4)
  3 bullfrogs
  A gnoll sergeant (D:8)
  3 scorpions
  8 wights
  5 killer bees
  A howler monkey (D:6)
  A hound (D:4)
  2 orc priests
  A bombardier beetle (D:3)
  2 jellies
  3 gnoll boudas
  2 sleepcaps
  4 iguanas
  6 orc wizards
  Natasha (thrice) (D:4)
  Robin (D:3)
  4 adders
  20 gnolls
  A white imp (D:5)
  2 ufetubi (D:6)
  A dart slug (D:1)
  51 orcs
  6 endoplasms
  4 giant cockroaches
  12 goblins
  10 hobgoblins
  4 jackals (D:3)
  2 quokkas
  6 ball pythons
  6 bats
  7 frilled lizards
  12 kobolds
  6 rats
264 creatures vanquished.

Vanquished Creatures (others)
  An orc warrior (Bailey)
1 creature vanquished.

Grand Total: 265 creatures vanquished

Notes
Turn   | Place    | Note
-------+----------+-------------------------------------------
     0 | D:1      | twTrunk the Coglin Artificer began the quest for the Orb.
     0 | D:1      | Reached XP level 1. HP: 15/15 MP: 1/1
    90 | D:1      | Found a faded altar of an unknown god.
   377 | D:1      | Reached XP level 2. HP: 22/22 MP: 2/2
  1009 | D:2      | Reached XP level 3. HP: 27/28 MP: 3/3
  1118 | D:2      | Identified the +7 short sword "Ficunem" {antimagic, rPois
                  | Int+5 Dex-4 Stlth+}
  1207 | D:2      | Identified the +5 arbalest "Aral" {speed, Will+ Int+3}
  1410 | D:2      | Reached skill level 1 in Maces & Flails
  1747 | D:2      | Reached XP level 4. HP: 35/35 MP: 1/4
  1862 | D:3      | Reached skill level 2 in Maces & Flails
  1870 | D:3      | Found Micsoliw's Book Emporium.
  2000 | D:2      | Reached skill level 3 in Maces & Flails
  2000 | D:2      | Reached XP level 5. HP: 30/41 MP: 1/5
  2075 | D:3      | Found a shadowy altar of Dithmenos.
  2169 | D:3      | Noticed Robin
  2178 | D:3      | Killed Robin
  2529 | D:4      | Noticed Blork the orc
  2540 | D:4      | Killed Blork the orc
  2541 | D:4      | Reached skill level 4 in Maces & Flails
  2541 | D:4      | Reached XP level 6. HP: 44/47 MP: 2/6
  2635 | D:4      | Found an ornate altar of the Wu Jian Council.
  2661 | D:4      | Noticed Natasha
  2667 | D:4      | Killed Natasha
  2676 | D:4      | Became a worshipper of the Wu Jian Council
  2795 | D:4      | Found a hazy altar of Hepliaklqana.
  2796 | D:4      | Found a glowing golden altar of the Shining One.
  2850 | D:4      | Noticed Natasha
  2859 | D:4      | Reached skill level 5 in Maces & Flails
  2862 | D:4      | Killed Natasha
  2863 | D:4      | Reached XP level 7. HP: 45/54 MP: 2/7
  2927 | D:4      | Found a staircase to the Ecumenical Temple.
  3000 | D:4      | Noticed Natasha
  3023 | D:4      | Killed Natasha
  3129 | D:5      | Entered Level 5 of the Dungeon
  3217 | D:5      | Reached skill level 6 in Maces & Flails
  3317 | D:5      | Found Noeriej's Book Shop.
  3967 | D:6      | Reached * piety under Wu Jian
  3968 | D:6      | Reached XP level 8. HP: 39/60 MP: 2/8
  4103 | D:6      | Reached skill level 7 in Maces & Flails
  4184 | D:6      | Found a basalt altar of Yredelemnul.
  4379 | D:6      | Noticed a shadow
  4393 | D:6      | Killed a shadow
  4394 | D:6      | Reached skill level 8 in Maces & Flails
  4523 | D:6      | Reached skill level 5 in Fighting
  4688 | D:6      | Found a burning altar of Makhleb.
  4690 | D:6      | Found a snail-covered altar of Cheibriados.
  4756 | D:6      | Reached XP level 9. HP: 69/69 MP: 3/9
  4996 | D:7      | Noticed Maurice
  5012 | D:7      | Killed Maurice
  5439 | D:7      | Noticed a gargoyle
  5447 | D:7      | Reached skill level 9 in Maces & Flails
  5452 | D:7      | You fall into a shaft and drop 2 floors!
  6033 | D:7      | Killed a gargoyle
  6034 | D:7      | Reached skill level 10 in Maces & Flails
  6034 | D:7      | Reached skill level 1 in Dodging
  6151 | D:7      | Identified the +6 quarterstaff of Subjectivity {flame, rN+
                  | rCorr}
  6157 | D:7      | Reached ** piety under Wu Jian
  6435 | D:8      | Reached skill level 1 in Axes
  6450 | D:8      | Reached XP level 10. HP: 62/76 MP: 10/10
  6529 | D:8      | Noticed a +0 dagger
  6530 | D:8      | Noticed a +0 hand axe
  6534 | D:8      | Found a hide-covered altar of Uskayaw.
  7214 | D:9      | Reached skill level 5 in Axes
  7349 | D:9      | Noticed Erolcha
  7491 | D:9      | Killed Erolcha
  7556 | D:9      | Reached *** piety under Wu Jian
  7572 | D:9      | Reached XP level 11. HP: 47/81 MP: 11/11
  7889 | D:9      | Found a staircase to the Lair.
  8313 | D:9      | Found an iron altar of Okawaru.
  8359 | D:10     | Entered Level 10 of the Dungeon
  8415 | D:10     | Found a flagged portal.
  8433 | Bailey   | Entered a bailey
  8758 | Bailey   | Reached **** piety under Wu Jian
 10164 | Bailey   | Upgraded the game from 0.32-a0-612-g1c984fe9d1 to
                  | 0.32-a0-614-gd166fa89d2
 10308 | D:10     | Noticed a death knight
 10346 | D:9      | Mangled by a komodo dragon

Illustrated notes

Levels and vault maps discovered:
D:1:      saegor_arrival_simple_d, layout_basic,
          shapermc_ecumenical_altar_ellora
D:2:      layout_loops_corners
D:3:      layout_basic, grunt_dithmenos_smoke, serial_shops,
          nicolae_diamond_shop, uniq_robin
D:4:      layout_cave_pools, gammafunk_temple_overflow_pools,
          mainiacjoe_overflow_paths, minmay_temple_entry_mist, uniq_natasha,
          uniq_blork_the_orc
D:5:      layout_basic, serial_shops, nicolae_shop_tiny_statue_garden
D:6:      layout_loops_cross, nicolae_overflow_hidden_temple
D:7:      layout_basic, feat_on_display, uniq_maurice
D:8:      layout_loops_ring, dancing_weapons_uskayaw
D:9:      layout_loops_ring, okawaru_altar_gauntlet_db, minmay_lair_entry_grove,
          uniq_erolcha
D:10:     nzn_winding_woodlands_large [nzn_winding_woodlands_5x5_default,
          nzn_winding_woodlands_5x15_parted, nzn_winding_woodlands_5x5_cross,
          nzn_winding_woodlands_center_garden,
          nzn_winding_woodlands_15x15_thick_spiral,
          nzn_winding_woodlands_center_pierced_h,
          nzn_winding_woodlands_5x5_closed_star,
          nzn_winding_woodlands_5x15_cabin,
          nzn_winding_woodlands_5x5_perimeter], layout_layer_cave,
          lemuel_coloured_pillars_altar, enter_bailey_2, uniq_joseph

Skill      XL: |  1  2  3  4  5  6  7  8  9 10 11 |
---------------+----------------------------------+-----
Fighting       | 2 3 4 6 |  6.6
Maces & Flails | 1 3 4 5 6 8 10 | 10.5
Short Blades   | 2 |  2.0
Armour         | 4 |  4.0
Dodging        | 2 4 |  4.0
Axes           | 1 8 9 |  9.9
Stealth        | |  0.7
Evocations     | |  4.0

Action                     |  1- 3 |  4- 6 |  7- 9 | 10-12 || total
---------------------------+-------+-------+-------+-------++-------
  Melee: Dagger            |    23 |       |       |       ||    23
         Club              |    41 |       |       |       ||    41
         Short sword       |    46 |    72 |   174 |       ||   292
         Mace              |    25 |    78 |   190 |    65 ||   358
         War axe           |       |       |    14 |   184 ||   198
         Morningstar       |       |       |       |   196 ||   196
         Trident           |       |       |       |   173 ||   173
 Invoke: Serpent's Lash    |       |       |       |     1 ||     1
Ability: Lunge             |       |     3 |    43 |    42 ||    88
         Whirlwind         |       |       |    10 |    21 ||    31
  Evoke: Wand              |       |       |     5 |     8 ||    13
    Use: Scroll            |       |     3 |     4 |     1 ||     8
         Potion            |       |       |     2 |     1 ||     3
   Stab: Sleeping          |     2 |     1 |     1 |       ||     4
         Paralysed         |       |       |    17 |       ||    17
 Armour: Ring mail         |    51 |    48 |    71 |       ||   170
         Scale mail        |       |       |    63 |   277 ||   340
  Dodge: Dodged            |    43 |    34 |    75 |   209 ||   361

Table legend: (Time is in decaauts)
 A = Elapsed time spent in this place.
 B = Non-inter-level travel time spent in this place.
 C = Inter-level travel time spent in this place.
 D = Time resting spent in this place.
 E = Time spent auto-exploring this place.
 F = Levels seen in this place.
 G = Mean time per level.
                   A        B        C        D        E       F      G
               +--------+--------+--------+--------+--------+-----+--------+
         Total |  10378 |   9985 |    393 |   1191 |   6503 |  11 |  943.5 |
       Dungeon |   8576 |   8183 |    393 |    529 |   5852 |  10 |  857.6 |
        Bailey |   1801 |   1801 |      0 |    662 |    650 |   1 | 1801.0 |
               +--------+--------+--------+--------+--------+-----+--------+

Top non-repeatable levels by time:
  Bailey: 1801 daAuts
     D:9: 1421 daAuts
     D:6: 1024 daAuts
     D:8: 1014 daAuts
     D:1: 998 daAuts
     D:7: 955 daAuts
     D:2: 888 daAuts
     D:5: 816 daAuts
     D:3: 649 daAuts
     D:4: 619 daAuts
    D:10: 190 daAuts
